 Dungeon Crawl Stone Soup version 0.18.1-48-g4cf74bf (webtiles) character file.

387 tyranidshit the Fighter (level 6, 0/55 HPs)
             Began as a Minotaur Berserker on July 15, 2016.
             Was a Priest of Trog.
             Slain by an orc wizard
             ... wielding a +0 dagger
              (3 damage)
             ... on level 4 of the Dungeon.
             The game lasted 00:11:33 (2109 turns).

tyranidshit the Fighter (Minotaur Berserker)        Turns: 2109, Time: 00:11:34

Health: 0/55       AC: 13    Str: 21 (22) XL:     6   Next: 49%
Magic:  5/5        EV: 11    Int:  3 (4)  God:    Trog [***...]
Gold:   212        SH:  0    Dex:  8 (9)  Spells: 0 memorised, 5 levels left

rFire  + . .     SeeInvis .     d - +1 dagger (protect)
rCold  . . .     Gourm    .     f - +1 ring mail {rF+}
rNeg   . . .     Faith    .     (no shield)
rPois  .         Spirit   .     (helmet restricted)
rElec  .         Dismiss  .     n - +0 cloak
rCorr  .         Reflect  .     (no gloves)
SustAt .         Harm     .     i - +0 pair of boots
MR     .....                    (no amulet)
Stlth  ..........               (no ring)
                                (no ring)

@: slowed, very slow, not resistant to hostile enchantments, extremely
unstealthy
A: retaliatory headbutt, horns 2, clumsy 1, frail 1, MP-powered wands
a: Berserk, Trog's Hand, Burn Spellbooks, Renounce Religion


You were on level 4 of the Dungeon.
You worshipped Trog.
Trog was most pleased with you.
You were not hungry.

You visited 1 branch of the dungeon, and saw 4 of its levels.

You collected 212 gold pieces.

Inventory:

Hand Weapons
 d - a +1 dagger of protection (weapon)
 g - a +0 hand axe of freezing
Armour
 f - a +1 ring mail of fire resistance (worn)
 i - a +0 pair of boots (worn)
 n - a +0 cloak (worn)
Scrolls
 c - 3 scrolls of remove curse
 j - 4 scrolls of identify
 k - a scroll of fog {unknown}
 l - a scroll of random uselessness
Potions
 b - a potion of ambrosia {unknown}
 e - a potion of lignification {unknown}
Comestibles
 h - a meat ration
 m - 3 fruits


   Skills:
 * Level 8.5 Fighting
 - Level 3.6 Axes
 - Level 3.0 Armour
 - Level 2.5 Dodging


You had 5 spell levels left.
You didn't know any spells.

Dungeon Overview and Level Annotations

Branches:
Dungeon (4/15)             Temple (0/1) D:4

Altars:

Annotations:
D:3 Grinder
D:4 Dowan


Innate Abilities, Weirdness & Mutations

You reflexively headbutt those who attack you in melee.
You have a pair of horns on your head.
You are clumsy. (Dex -2)
You are frail (-10% HP).
You expend magic power (3 MP) to strengthen your wands.


Message History

The orc wizard gestures wildly while chanting.
The orc wizard blinks!
The orc wizard closely misses you. The orc wizard barely misses you.
The orc wizard closely misses you. You furiously retaliate!
You headbutt the orc wizard, but do no damage.
The orc wizard barely misses you. The orc wizard casts a spell at you.
The magic dart hits you!
* * * LOW HITPOINT WARNING * * *
The orc wizard points at you and mumbles some strange words.
You feel yourself slow down. The orc wizard casts a spell at you.
The magic dart hits you!
You hear some strange, mumbled words.
A magic dart appears from out of thin air!
The magic dart hits you!
You hear the brisk rusting of a distant drain.
The orc wizard hits you with a dagger.
You die...

#..........#
#..........#
###...........
#............
#...#...#.... #####
#...#.⌠.#...#
##...###.###...###.#
##.....#............#
#..........⌠..@..⌠..#
#.......#.....o.....#
#.......#.###...###.#
##.....##...#o⌠.# #
##..........#...#...#
#.......#.....(.....#
##
#.......###..##......
.#
#.......###.#########
.###
##...........o#####
...##


You could see an orc wizard and an orc.

Vanquished Creatures
  Duvessa (D:4)
  A sky beast (D:3)
  An orc priest (D:3)
  A worker ant (D:4)
  4 adders
  An ooze (D:1)
  6 worms
  2 giant geckos
  4 orcs (D:3)
  4 ball pythons
  8 bats
  5 giant cockroaches
  3 goblins
  4 hobgoblins
  4 jackals (D:1)
  2 giant newts
  6 kobolds
  5 rats
62 creatures vanquished.

Vanquished Creatures (others)
  An orc wizard (D:4)
1 creature vanquished.

Grand Total: 63 creatures vanquished

Notes
Turn   | Place    | Note
--------------------------------------------------------------
     0 | D:1      | tyranidshit the Minotaur Berserker began the quest for the Orb.
     0 | D:1      | Reached XP level 1. HP: 19/19 MP: 0/0
   234 | D:1      | Reached XP level 2. HP: 24/27 MP: 1/1
   236 | D:1      | Reached skill level 4 in Fighting
   591 | D:2      | Reached XP level 3. HP: 34/34 MP: 2/2
   630 | D:2      | Found a faded altar to an unknown god.
   791 | D:2      | Reached skill level 5 in Fighting
   837 | D:2      | Reached ** piety under Trog
   962 | D:2      | Reached XP level 4. HP: 42/42 MP: 3/3
  1190 | D:3      | Gained mutation: You are frail (-10% HP). [potion of mutation]
  1190 | D:3      | Gained mutation: You expend magic power (3 MP) to strengthen your wands. [potion of mutation]
  1190 | D:3      | Gained mutation: You are clumsy. (Dex -2) [potion of mutation]
  1344 | D:3      | Reached skill level 6 in Fighting
  1605 | D:3      | Noticed a sky beast
  1607 | D:3      | Noticed Grinder
  1609 | D:3      | Paralysed by Grinder for 3 turns
  1620 | D:3      | Paralysed by Grinder for 2 turns
  1664 | D:3      | Killed a sky beast
  1664 | D:3      | Reached skill level 7 in Fighting
  1664 | D:3      | Reached XP level 5. HP: 13/46 MP: 4/4
  1809 | D:3      | Paralysed by Grinder for 7 turns
  1820 | D:4      | Noticed Dowan
  1821 | D:4      | Noticed Duvessa
  1927 | D:4      | Killed Duvessa
  1927 | D:4      | Reached skill level 8 in Fighting
  1927 | D:4      | Reached XP level 6. HP: 54/54 MP: 5/5
  1988 | D:4      | Found a staircase to the Ecumenical Temple.
  2054 | D:4      | Reached *** piety under Trog
  2106 | D:4      | HP: 2/55 [orc wizard/magic dart (5)]
  2109 | D:4      | Slain by an orc wizard

Skill      XL: |  1  2  3  4  5 |
---------------+----------------+-----
Fighting       | 4 5 7 8 |  8.5
Armour         | 3 |  3.0
Axes           | |  3.6
Dodging        | |  2.5

Action                   |  1- 3 |  4- 6 || total
-------------------------+-------+-------++-------
Melee: Hand axe          |    62 |    42 ||   104
       Headbutt          |    13 |    21 ||    34
       Dagger            |       |    99 ||    99
Invok: Berserk           |       |     1 ||     1
  Use: Scroll            |       |    11 ||    11
       Potion            |       |     4 ||     4
  Eat: Bread ration      |       |     2 ||     2
Armor: Ring mail         |    20 |    67 ||    87
       Scale mail        |    26 |     6 ||    32
       Plate armour      |       |    22 ||    22
Dodge: Dodged            |    61 |    76 ||   137
